 Dungeon Crawl Stone Soup version 0.24-a0-205-g1d96822 (webtiles) character file.

Game seed: 8215220455141934847

610 emperorscorpion the Skirmisher (level 7, -1/56 HPs)
             Began as a Mummy Wanderer on Mar 27, 2019.
             Was an Initiate of Gozag.
             Slain by an ogre
             ... wielding a +0 giant club
              (12 damage)
             ... on level 5 of the Dungeon on Mar 28, 2019.
             The game lasted 00:07:37 (3971 turns).

emperorscorpion the Skirmisher (Mummy Wanderer)     Turns: 3971, Time: 00:07:38

Health: -1/56      AC:  6    Str: 16    XL:     7   Next: 20%
Magic:  7/7        EV:  9    Int: 16    God:    Gozag
Gold:   230        SH:  3    Dex: 15    Spells: 6/6 levels left

rFire    x . .     SeeInvis .   a - +0 morningstar
rCold    + . .     Gourm    .   o - +0 buckler
rNeg     + + +     Faith    .   h - +0 scale mail
rPois    ∞         Spirit   .   (no helmet)
rElec    .         Reflect  .   (no cloak)
rCorr    .         Harm     .   (no gloves)
MR       .....                  (no boots)
Stlth    ..........             (no amulet)
HPRegen  0.18/turn              d - +4 ring of intelligence
MPRegen  0.10/turn              i - +3 ring of dexterity

@: no status effects
A: no food or potions, fire vulnerability, cold resistance 1, negative energy
resistance 3, torment resistance, unbreathing
a: Potion Petition, Call Merchant, Bribe Branch, Renounce Religion


You were on level 5 of the Dungeon.
You worshipped Gozag.
Gozag was aware of your devotion.
You were not hungry.

You visited 2 branches of the dungeon, and saw 6 of its levels.

You collected 297 gold pieces.
You paid 67 gold pieces to Gozag.

Inventory:

Hand Weapons
 a - a +0 morningstar (weapon)
 m - a +2 mace
Armour
 c - a +0 robe
 h - a +0 scale mail (worn)
 o - a +0 buckler (worn)
Jewellery
 d - a +4 ring of intelligence (left hand)
 i - a +3 ring of dexterity (right hand)
 n - a +1 ring of protection {unknown}
Scrolls
 b - 2 scrolls of teleportation
 e - a scroll of fear
 f - a scroll of remove curse {unknown}
 g - 6 scrolls of identify {unknown}
 j - a scroll of random uselessness {unknown}
 k - a scroll of magic mapping {unknown}
 l - a scroll of fog {unknown}
 p - a scroll of noise {unknown}


   Skills:
 + Level 5.6 Fighting
   Level 1.0 Long Blades
 + Level 5.0 Maces & Flails
 + Level 1.0 Throwing
 + Level 2.3 Armour
 + Level 1.1 Dodging
   Level 1.0 Evocations


You had 6 spell levels left.
You didn't know any spells.
Your spell library contained the following spells:

 Spells                   Type           Power        Failure   Level  Hunger
 Magic Dart               Conj           #...         83%         1    N/A
 Searing Ray              Conj           #.....       93%         2    N/A
 Dazzling Spray           Conj/Hex       #.....       99%         3    N/A
 Force Lance              Conj/Tloc      #.......     100%        4    N/A
 Fulminant Prism          Conj/Hex       #.........   100%        4    N/A
 Iskenderun's Mystic Bla  Conj           #.......     100%        4    N/A

Dungeon Overview and Level Annotations

Branches:
Dungeon (5/15)             Temple (1/1) D:4

Altars:
Ashenzari
Cheibriados
Dithmenos
Elyvilon
Fedhas
Gozag
Kikubaaqudgha
Makhleb
Nemelex Xobeh
Qazlal
Sif Muna
Trog
Uskayaw
Vehumet
Wu Jian
Xom
Yredelemnul
Zin


Innate Abilities, Weirdness & Mutations

You do not eat or drink.
Your flesh is vulnerable to fire.
You are immune to poison.
Your flesh is cold resistant. (rC+)
You are immune to negative energy. (rN+++)
You are immune to unholy pain and torment.
You can survive without breathing.


Message History

You closely miss the bullfrog. The bullfrog hits you.
The bullfrog closely misses you.
You completely miss the bullfrog. The bullfrog hits you.
The bullfrog hits you but does no damage.
You puncture the bullfrog!
The bullfrog is heavily wounded.
You block the bullfrog's attack. x2
You thump the bullfrog!
You kill the bullfrog!
Your Maces & Flails skill increases to level 5!
The ogre hits you with a +0 giant club! The ogre barely misses you.
You barely miss the ogre.
The ogre hits you with a +0 giant club!!
* * * LOW HITPOINT WARNING * * *
You hit the ogre.
The ogre is lightly wounded.
The ogre hits you with a +0 giant club!
You die...
Your body crumbles into a pile of gold.

##############.#
...............#
##############.# #.#
#.# #.# #.# #.######
#.#@...# #.#O...#
#.#....## #.#.....#
#.'[....# ###.....#
#.....# #.....#
########.....#######


You could see an ogre.

Vanquished Creatures
  A bullfrog (D:5)
  A vampire bat (D:3)
  A bullfrog skeleton (D:4)
  2 centaur skeletons (D:4)
  An orc priest (D:4)
  2 orc wizards
  Terence (D:2)
  2 worker ants (D:4)
  A hound skeleton (D:4)
  6 adders
  2 adder skeletons (D:4)
  2 worms
  A dart slug (D:2)
  3 fire bats (D:3)
  6 leopard geckos
  12 orcs
  2 spectral bats (D:3)
  3 bat skeletons (D:3)
  A bat zombie (D:3)
  6 giant cockroaches
  4 goblins
  8 hobgoblins
  7 jackals
  2 quokkas
  3 ball pythons (D:1)
  14 bats
  A bat simulacrum (D:3)
  3 frilled lizards
  3 kobolds
  7 rats
108 creatures vanquished.

Notes
Turn   | Place    | Note
-------+----------+-------------------------------------------
     0 | D:1      | emperorscorpion the Mummy Wanderer began the quest for the
                  | Orb.
     0 | D:1      | emperorscorpion set off with the following items: a +2
                  | mace, 2 scrolls of teleportation, a +0 robe
     0 | D:1      | Reached XP level 1. HP: 19/19 MP: 1/1
   210 | D:1      | Reached XP level 2. HP: 25/25 MP: 2/2
   836 | D:2      | Noticed Terence
   860 | D:2      | Reached XP level 3. HP: 30/31 MP: 3/3
   896 | D:2      | Killed Terence
  1116 | D:2      | Reached XP level 4. HP: 29/38 MP: 4/4
  1307 | D:2      | Found a blossoming altar of Fedhas.
  1307 | D:2      | Found an ancient bone altar of Kikubaaqudgha.
  1533 | D:2      | Upgraded the game from 0.24-a0-203-gf0bc1e9 to
                  | 0.24-a0-205-g1d96822
  1578 | D:3      | Reached skill level 5 in Fighting
  1943 | D:3      | Reached XP level 5. HP: 41/44 MP: 5/5
  2292 | D:3      | Reached XP level 6. HP: 43/51 MP: 6/6
  2540 | D:4      | Reached skill level 1 in Dodging
  3093 | D:4      | Found a staircase to the Ecumenical Temple.
  3115 | D:4      | Reached XP level 7. HP: 21/56 MP: 7/7
  3123 | Temple   | Entered the Ecumenical Temple
  3446 | Temple   | Became a worshipper of Gozag Ym Sagoz the Greedy
  3890 | D:5      | Entered Level 5 of the Dungeon
  3949 | D:5      | Reached skill level 5 in Maces & Flails
  3971 | D:5      | Slain by an ogre

Levels and vault maps discovered:
D:1:      onia_arrival_handbag, layout_basic, minmay_misc_feat_plants
D:2:      layout_rooms, grunt_temple_overflow_growth_and_decay, uniq_terence
D:3:      layout_rooms, first_ration, goddamned_bats
D:4:      layout_basic, minmay_temple_entry_waves
D:5:      layout_basic, uniq_sigmund, uniq_duvessa
Temple:   eino_temple_rhombus

Skill      XL: |  1  2  3  4  5  6  7 |
---------------+----------------------+-----
Maces & Flails | 2 3 4 5 |  5.0
Fighting       | 5 |  5.6
Dodging        | 1 |  1.1
Armour         | 2 |  2.3
Long Blades    | |  1.0
Throwing       | |  1.0
Evocations     | |  1.0

Action                   |  1- 3 |  4- 6 |  7- 9 || total
-------------------------+-------+-------+-------++-------
Melee: Mace              |    62 |   248 |       ||   310
       Morningstar       |       |    24 |    37 ||    61
  Use: Scroll            |       |       |     2 ||     2
Armor: Robe              |     6 |       |       ||     6
       Scale mail        |     3 |   235 |    15 ||   253
Dodge: Dodged            |    46 |   222 |    19 ||   287
Block: Buckler           |       |       |     4 ||     4

Table legend:
 A = Non-vault XP
 B = Vault XP
 C = Vault XP percentage of total XP
 D = Non-vault monster count
 E = Vault monster count
 F = Vault count percentage of total count
                 A         B        C        D         E       F
            +---------+---------+-------+---------+---------+-------
      Total |     653 |     219 |  25.1 |      83 |      25 |  23.1
            +---------+---------+-------+---------+---------+-------
        D:1 |      12 |       5 |  29.4 |       7 |       4 |  36.4
        D:2 |      86 |      38 |  30.6 |      25 |       1 |   3.8
        D:3 |     137 |     176 |  56.2 |      29 |      20 |  40.8
        D:4 |     328 |       0 |   0.0 |      21 |       0 |   0.0
        D:5 |      90 |       0 |   0.0 |       1 |       0 |   0.0
            +---------+---------+-------+---------+---------+-------
